 Dungeon Crawl Stone Soup version 0.29-a0-8-g0446c0dae4 (webtiles) character file.

Game seed: 10941250004666376934

130 poover the Digger (level 5, -1/31 HPs)
             Began as an Octopode Earth Elementalist on Jan 27, 2022.
             Killed from afar by an orc wizard (10 damage)
             ... with a puff of flame
             ... on level 4 of the Dungeon.
             The game lasted 00:07:24 (2377 turns).

poover the Digger (Octopode Earth Elementalist)     Turns: 2377, Time: 00:07:25

Health: -1/31      AC:  1    Str:  7    XL:     5   Next: 14%
Magic:  4/9        EV: 13    Int: 20    God:
Gold:   30         SH:  0    Dex: 12    Spells: 6/10 levels left

rFire   . . .      SeeInvis .   (no weapon)
rCold   . . .      Faith    .   (no shield)
rNeg    + . .      Spirit   .   (helmet restricted)
rPois   .          Reflect  .   (no amulet)
rElec   .          Harm     .   h - ring of positive energy
rCorr   .          Rampage  .   (no ring)
Will    .....                   (no ring)
Stlth   +++.......              (no ring)
HPRegen 0.10/turn               (no ring)
MPRegen 0.11/turn               (no ring)
                                (no ring)
                                (no ring)

@: mighty
A: almost no armour, amphibious, 8 rings, camouflage 1, gelatinous body 1,
(nimble swimmer 1), tentacles
a: no special abilities


You were on level 4 of the Dungeon.
You visited 1 branch of the dungeon, and saw 3 of its levels.

You collected 30 gold pieces.

Inventory:

Missiles
 b - 45 stones
Magical Staves
 e - a staff of death
Jewellery
 h - a ring of positive energy (left tentacle)
Scrolls
 a - a scroll of noise {unknown}
 d - a scroll of fear
 f - a scroll of teleportation {unknown}


   Skills:
 + Level 2.5 Dodging
 + Level 2.9 Stealth
 + Level 3.2 Spellcasting
 + Level 0.1 Conjurations
 + Level 1.0 Transmutations
 + Level 4.5 Earth Magic


You had 6 spell levels left.
You knew the following spells:

 Your Spells              Type           Power      Damage    Failure   Level
a - Sandblast             Erth           42%        2d11      2%          1
b - Stone Arrow           Conj/Erth      24%        3d8       16%         3

Your spell library contained the following spells:

 Spells                   Type           Power      Damage    Failure   Level
 Passwall                 Tmut/Erth      11%        N/A       7%          2
 Petrify                  Tmut/Erth      14%        N/A       41%         4


Dungeon Overview and Level Annotations

Branches:
Dungeon (2/15)             Temple (0/1) D:4

Altars:

Shops:
D:1 *


Innate Abilities, Weirdness & Mutations

You cannot wear most types of armour.
You are amphibious.
You can wear up to eight rings at the same time.
Your skin changes colour to match your surroundings (Stealth+).
Your rubbery body absorbs attacks. (AC +1, EV +1)
((You are camouflaged when in or above water. (Stealth+)))
You have tentacles for arms and can constrict up to eight enemies at once.


Message History

The orc priest barely misses you.
You bludgeon the orc priest!
You kill the orc priest!
The jackal misses you.
Your Spellcasting skill increases to level 3!
You have reached level 5!
You feel clever.
You barely miss the jackal. You grab the jackal.
Your tentacle-slap misses the jackal.
You constrict the jackal. The jackal bites you.
You tentacle-slap the jackal.
You kill the jackal!
You tentacle-slap the jackal. You grab the jackal.
The jackal is severely wounded.
You constrict the jackal. The jackal barely misses you.
You tentacle-slap the jackal.
You kill the jackal!
You miss something. Your squeeze misses something.
You hear some strange, mumbled words.
A puff of flame appears from out of thin air!
The puff of flame misses you.
You miss something. You squeeze something.
You hear some strange, mumbled words.
A puff of flame appears from out of thin air!
The puff of flame misses you.
You tentacle-slap something. Something hits you.
You miss something. Something hits you.
You miss something. Your squeeze misses something. Something hits you.
You tentacle-slap something. Something hits you.
You barely miss something. Your squeeze misses something. Something hits you.
You barely miss something. Something hits you.
You barely miss something. Something hits you.
You feel mightier all of a sudden. Something hits you.
* * * LOW HITPOINT WARNING * * *
You closely miss something.
You hear some strange, mumbled words.
A puff of flame appears from out of thin air!
The puff of flame hits you!
You die...

.######## ################
..hh..).########...............
#.#####....oo{@....8..8..8..8..
##########........F..l...
#$.............>
#...............
#...8..8..8..8..
#...............
################


You could see 2 orcs.

Vanquished Creatures
  An orc priest (D:4)
  An orc wizard (D:4)
  Robin (D:2)
  2 dart slugs (D:2)
  7 endoplasms
  A giant cockroach (D:1)
  10 goblins
  5 hobgoblins
  8 jackals
  3 kobolds (D:1)
  3 quokkas (D:1)
  5 ball pythons
  3 bats
  3 frilled lizards
  A rat (D:1)
54 creatures vanquished.

Notes
Turn   | Place    | Note
-------+----------+-------------------------------------------
     0 | D:1      | poover the Octopode Earth Elementalist began the quest for
                  | the Orb.
     0 | D:1      | Reached XP level 1. HP: 11/11 MP: 3/3
   329 | D:1      | Reached XP level 2. HP: 17/17 MP: 1/5
   405 | D:1      | Found a faded altar of an unknown god.
   833 | D:1      | Reached XP level 3. HP: 21/21 MP: 3/6
   985 | D:1      | Learned a level 3 spell: Stone Arrow
  1221 | D:1      | Found Qalos's Assorted Antiques.
  1440 | D:2      | Reached skill level 4 in Earth Magic
  1620 | D:2      | Noticed Robin
  1646 | D:2      | Killed Robin
  1760 | D:2      | Reached XP level 4. HP: 16/27 MP: 1/7
  2321 | D:2      | You fall into a shaft and drop 2 floors!
  2321 | D:4      | Noticed a bullfrog
  2321 | D:4      | Found a staircase to the Ecumenical Temple.
  2363 | D:4      | Reached XP level 5. HP: 26/31 MP: 2/9
  2377 | D:4      | Killed from afar by an orc wizard

Illustrated notes

Levels and vault maps discovered:
D:1:      dpeg_arrival_boxorama, layout_rooms, ebering_ecumenical_altar_mist,
          serial_shops, shop, minmay_misc_feat_tiny
D:2:      layout_basic, uniq_robin
D:4:      layout_loops_ring, nicolae_ru_awakened_eye, vehumet_altar_wand_db,
          temple_hall, serial_shops, nicolae_square_shop,
          nicolae_shop_window_shopping, kennysheep_mini_moat, shop,
          kennysheep_mini

Skill      XL: |  1  2  3  4 |
---------------+-------------+-----
Earth Magic    | 4 |  4.5
Spellcasting   | 3 |  3.2
Dodging        | |  2.5
Stealth        | |  2.9
Conjurations   | |  0.1
Transmutations | |  1.0

Action                   |  1- 3 |  4- 6 || total
-------------------------+-------+-------++-------
Melee: Unarmed           |       |    19 ||    19
       Constrict         |       |     2 ||     2
       Tentacles         |       |     1 ||     1
 Cast: Sandblast         |    55 |    17 ||    72
       Stone Arrow       |     2 |     2 ||     4
  Use: Potion            |       |     3 ||     3
       Scroll            |       |     1 ||     1
Armor: Skin              |     5 |       ||     5
Dodge: Dodged            |    29 |     9 ||    38

Table legend: (Time is in decaauts)
 A = Elapsed time spent in this place.
 B = Non-inter-level travel time spent in this place.
 C = Inter-level travel time spent in this place.
 D = Time resting spent in this place.
 E = Time spent auto-exploring this place.
 F = Levels seen in this place.
 G = Mean time per level.
                   A        B        C        D        E       F      G
               +--------+--------+--------+--------+--------+-----+--------+
         Total |   2376 |   2334 |     42 |   1051 |    772 |   3 |  792.0 |
       Dungeon |   2376 |   2334 |     42 |   1051 |    772 |   3 |  792.0 |
               +--------+--------+--------+--------+--------+-----+--------+

Top non-repeatable levels by time:
     D:1: 1486 daAuts
     D:2: 834 daAuts
     D:4: 55 daAuts
